 Dungeon Crawl Stone Soup version 0.21.1-1-g345015f (webtiles) character file.

45109 lotte the Basher (level 13, -5/130 HPs)
             Began as a Deep Dwarf Berserker on June 26, 2018.
             Was a Believer of Trog.
             Slain by a shock serpent (8 damage)
             ... on level 2 of the Snake Pit.
             The game lasted 02:04:13 (14500 turns).

lotte the Basher (Deep Dwarf Berserker)            Turns: 14500, Time: 02:04:14

Health: -5/130     AC: 18    Str: 25    XL:     13   Next: 99%
Magic:  0/13       EV: 13    Int:  9    God:    Trog [**....]
Gold:   704        SH: 13    Dex: 12    Spells: 12/12 levels left

rFire    x . .     SeeInvis .   p - +3 morningstar (vamp)
rCold    + + .     Gourm    .   C - +1 shield
rNeg     . . .     Faith    +   Q - +2 ice dragon scales
rPois    .         Spirit   +   D - +0 helmet
rElec    .         Reflect  .   J - scarf {Spirit}
rCorr    .         Harm     .   B - +0 pair of gloves
MR       +....                  (no boots)
Stlth    ..........             L - amulet of faith
HPRegen  0.00/turn              b - +3 ring of evasion
MPRegen  0.13/turn              G - +5 ring of slaying

@: about to teleport, berserk cooldown, non-regenerating, slowed, very slow
A: damage resistance, heal wounds, sense surroundings 2, no regeneration
a: Heal Wounds, Berserk, Trog's Hand, Burn Spellbooks, Renounce Religion


You were on level 2 of the Snake Pit.
You worshipped Trog.
Trog was pleased with you.
You were not hungry.

You visited 3 branches of the dungeon, and saw 13 of its levels.
You also visited: Sewer.

You collected 970 gold pieces.
You spent 266 gold pieces at shops.

Inventory:

Hand Weapons
 p - a +3 vampiric morningstar (weapon)
 E - a +2 mace of crushing
Armour
 B - a +0 pair of gloves (worn)
 C - a +1 shield (worn)
 D - a +0 helmet (worn)
 J - a scarf of spirit shield (worn)
 Q - +2 ice dragon scales (worn)
Jewellery
 a - an uncursed amulet of guardian spirit
 b - a +3 ring of evasion (left hand)
 s - an uncursed ring of ice
 x - an uncursed amulet of the gourmand
 y - an uncursed ring of stealth
 F - an uncursed ring of stealth
 G - a +5 ring of slaying (right hand)
 H - an uncursed amulet of guardian spirit
 L - an amulet of faith (around neck)
Wands
 A - a wand of polymorph (7)
 M - a wand of enslavement (17)
 O - a wand of iceblast (11)
 S - a wand of flame (75)
 T - a wand of disintegration (14)
Scrolls
 d - 3 scrolls of teleportation
 h - a scroll of identify
 i - 7 scrolls of remove curse
 l - a scroll of fear
 o - a scroll of immolation
 q - a scroll of fog
 t - 7 scrolls of amnesia
 z - 3 scrolls of blinking
 I - a scroll of magic mapping
 N - a scroll of vulnerability
 U - 2 scrolls of random uselessness
 W - a scroll of holy word
Potions
 e - a potion of ambrosia
 f - 3 potions of curing
 g - a potion of haste {unknown}
 j - 4 potions of lignification
 k - a potion of berserk rage {unknown}
 m - 2 potions of invisibility
 n - 3 potions of brilliance
 r - 6 potions of might
 u - a potion of heal wounds
 v - 3 potions of agility
 w - a potion of flight {unknown}
 K - a potion of mutation {unknown}
 P - a potion of magic {unknown}
 R - 2 potions of degeneration {unknown}
 V - 3 potions of resistance
Comestibles
 c - 8 rations


   Skills:
 * Level 12.8 Fighting
 + Level 14.7 Maces & Flails
 + Level 10.7 Armour
 - Level 2.2 Dodging
 + Level 1.9 Stealth
 + Level 10.8 Shields


You had 12 spell levels left.
You didn't know any spells.

Dungeon Overview and Level Annotations

Branches:
Dungeon (9/15)             Temple (0/1) D:7            Lair (2/6) D:9
  Snake (2/4) Lair:2          Orc (0/2) D:9
  Swamp: Lair:2-4    Shoals: Lair:2-4

Altars:
Ashenzari
Fedhas
Gozag
Hepliaklqana
Nemelex Xobeh
Sif Muna
Trog
Uskayaw
Vehumet

Shops:
D:6 [   D:7 (   D:8 *   D:9 (


Innate Abilities, Weirdness & Mutations

You are resistant to damage.
You can heal yourself by infusing magical energy.
You passively map the area around you.
You do not regenerate.


Message History

The shock serpent bites you but does no damage.
The shock serpent shoots out a bolt of lightning at you!
The bolt of electricity hits you!
* * * LOW HITPOINT WARNING * * *
You miss the shock serpent.
The shock serpent is heavily wounded.
You block the shock serpent's attack. The shock serpent closely misses you.
You puncture the shock serpent!
You feel better.
The shock serpent is severely wounded.
The shock serpent's electric aura discharges, shocking you!
* * * LOW HITPOINT WARNING * * *
Your skin stops crawling.
You feel less resistant to hostile enchantments.
The shock serpent shoots out a bolt of lightning at you!
The bolt of electricity hits you!
* * * LOW HITPOINT WARNING * * *
As you read the scroll of teleportation, it crumbles to dust.
You feel strangely unstable. You block the shock serpent's attack.
The shock serpent bites you!
You die...

######...).#
#...........
...........#
#...........
...######..###
*........... ...#
#....#
,.........., ...#
####.# ........,,,
...# #.#
######'''##### *
...# #.#
#....)........,
...# #.#
#S####...##### ,
...# #.# #@# #...#
,, ...# #.# #.#
#...#** , ...# #.#
#.# #....., , ...#
#.# #.# ####### *
...#########.###.#
.................#
#####............#
#............#
########.###.#


You could see a shock serpent.

Vanquished Creatures
  A nagaraja (Snake:2)
  Fannar (Lair:2)
  A hydra (D:9)
  2 naga warriors
  7 anacondas
  Erica (D:9)
  2 two-headed ogres (D:9)
  A tengu warrior (D:9)
  5 shock serpents
  5 naga sharpshooters
  4 naga ritualists
  A mana viper (shapeshifter) (D:9)
  4 mana vipers
  2 salamanders
  Joseph (D:7)
  A guardian serpent (Snake:2)
  18 black mambas
  The ghost of Theowulf the Magician, a novice DEIE of Wu Jian (D:9)
  2 naga magi (Snake:1)
  2 spiny frogs
  The ghost of RottenKnight the Caller, a novice MfSu (D:6)
  4 komodo dragons
  A tengu conjurer (D:9)
  A troll (D:9)
  2 dream sheep (D:9)
  The ghost of Exporg the Shield-Bearer, an amateur GrFi of Qazlal (D:4)
  4 hippogriffs
  2 wyverns
  A basilisk (Lair:1)
  A steam dragon (D:9)
  25 yaks
  2 hungry ghosts
  15 nagas
  A soldier ant (D:9)
  2 water moccasins
  Duvessa (D:6)
  8 porcupines
  An ice beast (D:8)
  3 sky beasts
  3 eyes of draining (D:6)
  5 orc warriors
  2 black bears
  A phantom (D:9)
  3 centaurs
  4 ogres
  6 crocodiles
  6 big kobolds
  9 bullfrogs
  Dowan (D:6)
  A wyvern zombie (D:7)
  A wyvern skeleton (D:6)
  3 scorpions
  2 howler monkeys
  An electric eel (Lair:2)
  7 crimson imps
  2 bullfrog zombies
  8 orc priests
  A centaur skeleton (D:7)
  A centaur zombie (D:9)
  3 jellies
  5 hounds
  4 bullfrog skeletons
  8 orc wizards
  Jessica (D:2)
  Natasha (twice) (D:4)
  4 iguanas
  4 worker ants
  A statue (D:4)
  A hound zombie (D:9)
  A worker ant zombie (D:8)
  11 adders
  7 river rats (Sewer)
  2 shadow imps
  3 oozes
  An adder zombie (D:7)
  2 adder skeletons
  4 worms (D:2)
  4 dart slugs
  8 leopard geckos
  34 orcs
  8 bats
  6 giant cockroaches
  10 goblins
  7 hobgoblins
  6 jackals
  2 quokkas
  4 ball pythons (Sewer)
  5 frilled lizards
  30 kobolds
  A leopard gecko skeleton (D:5)
  27 rats
  4 plants
425 creatures vanquished.

Vanquished Creatures (others)
  An orc (D:9)
  A fungus (D:2)
  3 plants (D:9)
5 creatures vanquished.

Grand Total: 430 creatures vanquished

Notes
Turn   | Place    | Note
-------+----------+-------------------------------------------
     0 | D:1      | lotte the Deep Dwarf Berserker began the quest for the Orb.
     0 | D:1      | Reached XP level 1. HP: 20/20 MP: 1/1
   189 | D:1      | Reached XP level 2. HP: 24/27 MP: 2/2
   765 | D:1      | Reached ** piety under Trog
   765 | D:1      | Reached XP level 3. HP: 12/34 MP: 3/3
  1270 | D:2      | Found a blossoming altar of Fedhas.
  1463 | D:2      | Noticed Jessica
  1468 | D:2      | Killed Jessica
  1468 | D:2      | Reached XP level 4. HP: 44/44 MP: 4/4
  1540 | D:2      | Reached skill level 4 in Maces & Flails
  2316 | D:3      | Found a deep blue altar of Sif Muna.
  2372 | D:3      | Reached XP level 5. HP: 43/50 MP: 5/5
  2545 | D:3      | Reached skill level 1 in Stealth
  2546 | D:3      | Found a glowing drain.
  2555 | Sewer    | Entered a sewer
  2639 | Sewer    | Reached *** piety under Trog
  2761 | Sewer    | Reached XP level 6. HP: 58/58 MP: 6/6
  3572 | D:3      | Reached skill level 5 in Maces & Flails
  3580 | D:3      | Reached skill level 5 in Fighting
  3583 | D:3      | Reached XP level 7. HP: 67/67 MP: 7/7
  4135 | D:4      | Noticed Exporg's ghost (amateur GrFi)
  4170 | D:4      | Killed Exporg's ghost
  4170 | D:4      | Reached skill level 5 in Armour
  4323 | D:4      | Reached skill level 6 in Maces & Flails
  4517 | D:4      | Found an opulent altar of Gozag.
  4716 | D:4      | Found a radiant altar of Vehumet.
  4776 | D:4      | Noticed Natasha
  4784 | D:4      | Killed Natasha
  4784 | D:4      | Reached XP level 8. HP: 76/76 MP: 8/8
  4885 | D:4      | Noticed Natasha
  4895 | D:4      | Killed Natasha
  4903 | D:5      | Entered Level 5 of the Dungeon
  4960 | D:5      | Found a shattered altar of Ashenzari.
  5113 | D:5      | Reached skill level 1 in Shields
  5254 | D:5      | Found a hide-covered altar of Uskayaw.
  5330 | D:5      | Reached skill level 7 in Maces & Flails
  5638 | D:6      | Noticed RottenKnight's ghost (novice MfSu)
  5643 | D:6      | Received a gift from Trog
  5666 | D:6      | Killed RottenKnight's ghost
  5734 | D:6      | Found Otweom's Armour Boutique.
  5813 | D:6      | Gained mutation: You passively map the area around you. [Deep Dwarf growth]
  5813 | D:6      | Reached XP level 9. HP: 66/85 MP: 0/9
  5879 | D:6      | Noticed Duvessa
  5881 | D:6      | Noticed Dowan
  5888 | D:6      | Killed Duvessa
  5890 | D:6      | Killed Dowan
  5890 | D:6      | Reached skill level 8 in Maces & Flails
  6136 | D:6      | Found a sparkling altar of Nemelex Xobeh.
  6306 | D:6      | Found a hazy altar of Hepliaklqana.
  6360 | D:6      | Found a bloodstained altar of Trog.
  6699 | D:7      | Noticed Joseph
  6805 | D:7      | Reached skill level 9 in Maces & Flails
  6847 | D:7      | Found a staircase to the Ecumenical Temple.
  7181 | D:7      | Found Gayl's Antique Weapon Boutique.
  7526 | D:7      | Killed Joseph
  7670 | D:8      | Found the +8 frozen axe "Frostbite" {freezing cloud, *Noise +Fly rC+}
  7821 | D:8      | Reached XP level 10. HP: 96/96 MP: 0/10
  7843 | D:8      | Paralysed by fainting for 12 turns
  7859 | D:8      | Paralysed by fainting for 6 turns
  8104 | D:8      | Identified the Handbook of the Helpful Escort
  8143 | D:8      | Found Linnavvi's Assorted Antiques.
  8159 | D:8      | Got a fine ring mail
  8332 | D:8      | Reached skill level 10 in Maces & Flails
  8785 | D:9      | Found a staircase to the Lair.
  8807 | D:9      | Reached skill level 5 in Shields
  8883 | D:9      | Noticed a two-headed ogre
  8891 | D:9      | Killed a two-headed ogre
  8894 | D:9      | Noticed Erica
  8925 | D:9      | Killed Erica
  9023 | D:9      | Noticed Theowulf's ghost (novice DEIE)
  9054 | D:9      | Killed Theowulf's ghost
  9131 | D:9      | Found Coruqefa's Weapon Shoppe.
  9150 | D:9      | Bought a +1 vampiric morningstar for 266 gold pieces
  9199 | D:9      | Reached XP level 11. HP: 104/104 MP: 0/11
  9207 | D:9      | Reached skill level 11 in Maces & Flails
  9300 | D:9      | Noticed a tengu warrior
  9309 | D:9      | Killed a tengu warrior
  9354 | D:9      | Noticed a mana viper
  9359 | D:9      | Killed a mana viper
  9434 | D:9      | Found a staircase to the Orcish Mines.
  9478 | D:9      | Noticed a two-headed ogre
  9485 | D:9      | Killed a two-headed ogre
  9488 | D:9      | Reached **** piety under Trog
  9641 | D:9      | Noticed a three-headed hydra
  9646 | D:9      | Killed a three-headed hydra
 10207 | Lair:1   | Entered Level 1 of the Lair of Beasts
 10222 | Lair:1   | Reached skill level 12 in Maces & Flails
 10474 | Lair:1   | Reached skill level 10 in Fighting
 10729 | Lair:1   | Reached XP level 12. HP: 115/116 MP: 0/12
 11508 | Lair:2   | Noticed Fannar
 11522 | Lair:2   | Killed Fannar
 11522 | Lair:2   | Reached skill level 13 in Maces & Flails
 11736 | Lair:2   | Found a staircase to the Snake Pit.
 12045 | Snake:1  | Entered Level 1 of the Snake Pit
 12101 | Snake:1  | Noticed an anaconda
 12112 | Snake:1  | Killed an anaconda
 12353 | Snake:1  | Noticed a naga warrior
 12387 | Snake:1  | Killed a naga warrior
 12753 | Snake:1  | Reached XP level 13. HP: 39/127 MP: 0/13
 12977 | Snake:1  | Received a gift from Trog
 12977 | Snake:1  | Reached skill level 10 in Armour
 12985 | Snake:1  | Reached skill level 14 in Maces & Flails
 13406 | Snake:1  | Reached skill level 10 in Shields
 13791 | Snake:2  | Noticed a nagaraja
 13808 | Snake:2  | Killed a nagaraja
 13908 | Snake:2  | Paralysed by fainting for 8 turns
 13942 | Snake:2  | Found a frozen archway.
 14499 | Snake:2  | HP: 3/130 [shock serpent/bolt of electricity (23)]
 14500 | Snake:2  | Slain by a shock serpent

Skill      XL: |  1  2  3  4  5  6  7  8  9 10 11 12 13 |
---------------+----------------------------------------+-----
Fighting       | 3 4 5 6 7 8 10 11 12 | 12.8
Maces & Flails | 4 5 6 7 9 10 12 13 14 | 14.7
Armour         | 3 4 5 6 7 8 9 10 | 10.7
Stealth        | 1 |  1.9
Shields        | 2 3 6 8 9 10 | 10.8
Dodging        | |  2.2

Action                   |  1- 3 |  4- 6 |  7- 9 | 10-12 | 13-15 || total
-------------------------+-------+-------+-------+-------+-------++-------
Melee: Mace              |   134 |   376 |   344 |   159 |       ||  1013
       Morningstar       |       |       |       |   519 |   245 ||   764
Invok: Berserk           |     5 |    13 |    20 |    14 |    10 ||    62
       Trog's Hand       |     3 |     9 |    19 |    18 |    18 ||    67
       Burn Spellbooks   |       |       |       |     2 |       ||     2
 Abil: Heal Wounds       |     1 |       |       |       |       ||     1
  Use: Scroll            |       |     3 |    12 |     1 |    11 ||    27
       Potion            |       |     1 |     4 |       |     2 ||     7
  Eat: Chunk             |     6 |    19 |    21 |    25 |     6 ||    77
       Ration            |       |     1 |     6 |     5 |     5 ||    17
Armor: Animal skin       |     2 |       |       |       |       ||     2
       Ring mail         |    39 |    56 |       |       |       ||    95
       Chain mail        |       |   255 |    79 |       |       ||   334
       Plate armour      |       |       |     6 |       |       ||     6
       Ice dragon scales |       |       |    43 |   205 |    92 ||   340
       Skin              |       |       |       |    18 |       ||    18
Dodge: Dodged            |    94 |   350 |    80 |   227 |   128 ||   879
Block: Shield            |       |       |   105 |   364 |   210 ||   679
